 Dungeon Crawl Stone Soup version 0.18.1-1-g2f07953 (webtiles) character file.

944 aurelian the Destroyer (level 8, -3/44 HPs)
             Began as a Tengu Conjurer on May 18, 2016.
             Was an Initiate of Vehumet.
             Engulfed by a cloud of steam (10 damage)
             ... on level 5 of the Dungeon.
             The game lasted 00:12:12 (6187 turns).

aurelian the Destroyer (Tengu Conjurer)             Turns: 6187, Time: 00:12:13

Health: -3/44      AC:  6    Str: 13    XL:     8   Next: 12%
Magic:  0/15       EV: 13    Int: 17    God:    Vehumet [......]
Gold:   318        SH:  0    Dex: 15    Spells: 4 memorised, 4 levels left

rFire  . . .     SeeInvis .     b - +0 hunting sling
rCold  . . .     Gourm    .     m - +0 robe
rNeg   . . .     Faith    .     (no shield)
rPois  .         Spirit   .     (helmet restricted)
rElec  .         Dismiss  .     (no cloak)
rCorr  .         Reflect  .     (no gloves)
SustAt .         Harm     .     (boots unavailable)
MR     .....                    (no amulet)
Stlth  ++........               C - +4 ring of protection
                                i - +4 ring of strength

@: not resistant to hostile enchantments, unstealthy
A: beak, talons 3, able to fly 1
a: Fly, Renounce Religion


You were on level 5 of the Dungeon.
You worshipped Vehumet.
Vehumet was noncommittal.
You were near starving.

You visited 2 branches of the dungeon, and saw 7 of its levels.

You collected 318 gold pieces.

Inventory:

Hand Weapons
 a - a +0 spear
 b - a +0 hunting sling (weapon)
 j - a +0 club
Missiles
 l - 215 stones (quivered)
 q - 90 sling bullets
 u - 2 throwing nets
Armour
 m - a +0 robe (worn)
Jewellery
 i - a +4 ring of strength (left hand)
 z - an uncursed ring of positive energy
 C - a +4 ring of protection (right hand)
 E - an uncursed amulet of faith
Wands
 k - a wand of teleportation (9/9)
 G - a wand of confusion (18/48)
Scrolls
 n - a scroll of magic mapping {unknown}
 r - a scroll of identify
 y - a scroll of teleportation
Potions
 e - 5 potions of degeneration {unknown}
 f - a potion of invisibility
 h - 3 potions of curing {unknown}
 o - 3 potions of brilliance {unknown}
 p - 2 potions of flight {unknown}
 t - a potion of mutation {unknown}
 w - 2 potions of agility {unknown}
 x - a potion of lignification {unknown}
 A - 2 potions of ambrosia {unknown}
 B - 2 potions of cure mutation {unknown}
 D - a potion of haste {unknown}
Books
 s - a book of Conjurations

   Spells                             Type                      Level
   a - Magic Dart                     Conjuration                  1
   b - Searing Ray                    Conjuration                  2
   c - Dazzling Spray                 Conjuration/Hexes            3
   d - Fulminant Prism                Conjuration/Hexes            4
   e - Iskenderun's Mystic Blast      Conjuration                  4
   f - Iskenderun's Battlesphere      Conjuration/Charms           5
Comestibles
 c - 6 bread rations
 d - 2 chunks of flesh
 g - 3 meat rations
 v - 2 beef jerkies
 F - a slice of pizza


   Skills:
 + Level 1.8 Fighting
 + Level 3.3 Dodging
 + Level 3.0 Stealth
 + Level 4.6 Spellcasting
 * Level 9.8 Conjurations
 + Level 1.4 Charms


You had 4 spell levels left.
You knew the following spells:

 Your Spells              Type           Power        Failure   Level  Hunger
a - Magic Dart            Conj           ####         1%          1    None
b - Searing Ray           Conj           #####.       1%          2    ##.....
c - Iskenderun's Mystic   Conj           #####...     2%          4    ####...
d - Iskenderun's Battles  Conj/Chrm      ###.....     45%         5    ######.


Dungeon Overview and Level Annotations

Branches:
Dungeon (6/15)             Temple (1/1) D:5

Altars:
Ashenzari
Cheibriados
Dithmenos
Fedhas
Kikubaaqudgha
Qazlal
Vehumet
Xom
Yredelemnul
Zin


Innate Abilities, Weirdness & Mutations

You have a beak for a mouth.
You have claws for feet.
You can fly.


Message History

The steam dragon breathes steam at you. The ball of steam hits you!
Ouch! That really hurt!
* * * LOW HITPOINT WARNING * * *
Casting: Iskenderun's Mystic Blast
Confirm with . or Enter, or press ? or * to list all spells.
Aiming: Iskenderun's Mystic Blast
Press: ? - help, Shift-Dir - straight line, f/p - steam dragon
Aim: a steam dragon (almost dead, catching its breath)
The orb of energy hits the steam dragon.
You kill the steam dragon!
Vehumet accepts your kill.
Your Stealth skill increases to level 3!
You have reached level 8!
You feel agile.
You feel your dexterity returning.
The orb of energy explodes!
The mystic blast hits the fungus.
You destroy the fungus!
You are engulfed in a cloud of scalding steam.
You die...

............#.....##..#.........#
..........#.#..#####>............
#######.###.####...###.........##
# #.....##≈≈..P.##...###'###
#######.###.##......≈#...# #.#
......#.....#P≈....≈.#...# #.#
...##.#.###.#!.....P≈#...# #.####
...#........##......##.### #.....
...#..#.######≈P@..###.#####.####
...#..#.# ##≈..#.............#
...#..#.# #≈..#.##.########.#
...#..#.# #P..#.##.# #.#
...#..#.# #P..#.##.########.#
......#.# #..≈#.##.......##.#
......#.##### #..P#.##.....<.'..#
.....##.#...####..#.###......####
........+...'..#..#...###'###'...


There were no monsters in sight!

Vanquished Creatures
  Sigmund (D:3)
  A steam dragon (D:5)
  An ice beast (D:5)
  An ogre (D:5)
  A giant frog (D:6)
  A quasit (D:5)
  2 giant frog skeletons (D:5)
  An orc priest (D:3)
  3 worker ants
  12 adders
  3 gnolls (D:2)
  A shadow imp (D:5)
  5 worms
  6 dart slugs
  The ghost of Pine the Magician, a weakling HEWz (D:3)
  2 giant geckos
  8 orcs
  A ball python (D:3)
  A giant cockroach (D:2)
  11 goblins
  9 hobgoblins
  2 quokkas (D:5)
  4 bats
  A giant newt (D:1)
  6 kobolds
  16 rats
  A fungus (D:5)
102 creatures vanquished.

Vanquished Creatures (others)
  8 fungi (D:5)
8 creatures vanquished.

Grand Total: 110 creatures vanquished

Notes
Turn   | Place    | Note
--------------------------------------------------------------
     0 | D:1      | aurelian the Tengu Conjurer began the quest for the Orb.
     0 | D:1      | Reached XP level 1. HP: 10/10 MP: 4/4
   220 | D:1      | Reached XP level 2. HP: 15/15 MP: 0/6
   608 | D:1      | Reached skill level 6 in Conjurations
   655 | D:1      | Learned a level 2 spell: Searing Ray
   717 | D:1      | Reached XP level 3. HP: 19/19 MP: 5/7
  1481 | D:2      | Reached XP level 4. HP: 24/24 MP: 5/9
  1679 | D:2      | Reached skill level 7 in Conjurations
  1855 | D:2      | Gained mutation: You can fly. [Tengu growth]
  1855 | D:2      | Reached XP level 5. HP: 20/28 MP: 1/10
  2205 | D:2      | Found a stormy altar of Qazlal.
  2873 | D:3      | Noticed Sigmund
  2881 | D:3      | Killed Sigmund
  2881 | D:3      | Reached skill level 8 in Conjurations
  2881 | D:3      | Reached XP level 6. HP: 22/32 MP: 4/12
  2970 | D:3      | Noticed Pine's ghost (weakling HEWz)
  2979 | D:3      | Killed Pine's ghost
  3498 | D:3      | Found a shadowy altar of Dithmenos.
  3919 | D:4      | Reached skill level 9 in Conjurations
  3971 | D:4      | Learned a level 4 spell: Iskenderun's Mystic Blast
  3977 | D:4      | Learned a level 5 spell: Iskenderun's Battlesphere
  4739 | D:5      | Entered Level 5 of the Dungeon
  4753 | D:5      | Found a snail-covered altar of Cheibriados.
  4772 | D:5      | Found a shadowy altar of Dithmenos.
  4806 | D:5      | Found a blossoming altar of Fedhas.
  4808 | D:5      | Found an ancient bone altar of Kikubaaqudgha.
  4927 | D:5      | Found a staircase to the Ecumenical Temple.
  4933 | Temple   | Entered the Ecumenical Temple
  4985 | Temple   | Became a worshipper of Vehumet
  5013 | D:5      | Noticed a steam dragon
  5076 | D:5      | Reached XP level 7. HP: 37/37 MP: 7/14
  5318 | D:5      | Reached skill level 1 in Fighting
  5616 | D:5      | Found a basalt altar of Yredelemnul.
  5830 | D:6      | Reached skill level 1 in Charms
  6187 | D:5      | Killed a steam dragon
  6187 | D:5      | Reached XP level 8. HP: 7/44 MP: 0/15
  6187 | D:5      | Engulfed by a cloud of steam

Skill      XL: |  1  2  3  4  5  6  7 |
---------------+----------------------+-----
Conjurations   | 6 7 8 9 |  9.8
Spellcasting   | 3 4 |  4.6
Fighting       | 1 |  1.8
Dodging        | 3 |  3.3
Charms         | 1 |  1.4
Stealth        | 3 |  3.0

Action                   |  1- 3 |  4- 6 |  7- 9 || total
-------------------------+-------+-------+-------++-------
 Fire: Hunting sling     |       |    32 |       ||    32
 Cast: Magic Dart        |    72 |    91 |    23 ||   186
       Searing Ray       |     1 |    19 |    11 ||    31
       Iskenderun's Myst |       |       |     4 ||     4
  Use: Scroll            |     4 |     5 |     2 ||    11
  Eat: Chunk             |     3 |    11 |     3 ||    17
Armor: Robe              |       |     3 |     9 ||    12
Dodge: Dodged            |     3 |    21 |    15 ||    39
